 Dungeon Crawl Stone Soup version 0.31.0-11-ge490571c62 (webtiles) character file.

Game seed: 5582399404240925372

291 hawla the Conjurer (level 6, -8/32 HPs)
             Began as a Deep Elf Conjurer on Jan 31, 2024.
             Mangled by an iguana (11 damage)
             ... on level 3 of the Dungeon.
             The game lasted 00:10:30 (3417 turns).

hawla the Conjurer (Deep Elf Conjurer)              Turns: 3417, Time: 00:10:30

Health: -8/32      AC:  3    Str:  6    XL:     6   Next: 10%
Magic:  0/12       EV: 12    Int: 23    God:
Gold:   962        SH:  0    Dex: 13    Spells: 4/11 levels left

rFire   . . .        (no weapon)
rCold   . . .        (no shield)
rNeg    . . .        a - +0 robe
rPois   .            (no helmet)
rElec   .            (no cloak)
rCorr   .            c - +0 pair of gloves
SInv    .            (no boots)
Will    .....        (no amulet)
Stlth   ++           (no ring)
HPRegen 0.25/turn    (no ring)
MPRegen 0.13/turn

%: no passive effects
@: mighty
A: no striking features
a: no special abilities


You were on level 3 of the Dungeon.
You visited 1 branch of the dungeon, and saw 4 of its levels.

You collected 962 gold pieces.

Inventory:

Armour
 a - a +0 robe (worn)
 c - a +0 pair of gloves (worn)
Wands
 k - a wand of flame (19)
Scrolls
 d - a scroll of teleportation
Potions
 j - a potion of might


   Skills:
 - Level 2.7 Dodging
 - Level 2.7 Stealth
 - Level 3.2 Spellcasting
 - Level 7.0 Conjurations
 + Level 1.2 Translocations
 - Level 3.0 Evocations


You had 4 spell levels left.
You knew the following spells:

 Your Spells              Type           Power      Damage    Failure   Level
a - Magic Dart            Conj           100%       1d8       1%          1
b - Searing Ray           Conj           70%        2d7       1%          2
c - Iskenderun's Mystic   Conj/Tloc      22%        2d6       21%         4

Your spell library contained the following spells:

 Spells                   Type           Power      Damage    Failure   Level
 Momentum Strike          Conj/Tloc      44%        3d9       3%          2
 Blink                    Tloc           18%        N/A       11%         2
 Lesser Beckoning         Tloc           18%        N/A       11%         2
 Mephitic Cloud           Conj/Alch/Air  14%        N/A       13%         3
 Cigotuvi's Dreadful Rot  Necr/Alch/Air  6%         N/A       17%         2
 Mercury Vapours          Alch/Air       6%         N/A       17%         2
 Fulminant Prism          Conj/Alch      9%         3d7       26%         4
 Dispel Undead            Necr           3%         3d7       75%         4
 Martyr's Knell           Necr/Summ      3%         N/A       75%         4
 Freezing Cloud           Conj/Ice/Air   7%         6-21      77%         5
 Death Channel            Necr           1%         N/A       100%        6


Dungeon Overview and Level Annotations

Branches:
Dungeon (4/15)             Temple (0/1) D:4

Altars:

Shops:
D:3 ?


Message History

The iguana is moderately wounded.
The iguana bites you!
Casting: Magic Dart (safe; 1% risk of failure)
Confirm with . or Enter, or press ? or * to list all spells.
Aiming: Magic Dart (safe; 1% risk of failure)
Press: ? - help, Shift-Dir - straight line, f/p - iguana
Aim: an iguana (moderately wounded, 100% to hit)
The magic dart hits the iguana but does no damage.
The iguana is moderately wounded.
You feel your willpower return. The iguana bites you!
You feel much better. The iguana closely misses you.
You barely miss the iguana.
The iguana is moderately wounded.
The iguana bites you.
You hit the iguana but do no damage.
The iguana is moderately wounded.
The iguana bites you!
You hit the iguana but do no damage.
The iguana is moderately wounded.
The iguana bites you!
* * * LOW HITPOINT WARNING * * *
Casting: Magic Dart (safe; 1% risk of failure)
Confirm with . or Enter, or press ? or * to list all spells.
Aiming: Magic Dart (safe; 1% risk of failure)
Press: ? - help, Shift-Dir - straight line, f/p - iguana
Aim: an iguana (moderately wounded, 100% to hit)
The magic dart hits the iguana.
The iguana is heavily wounded.
The iguana bites you.
* * * LOW HITPOINT WARNING * * *
You feel very mighty all of a sudden. The iguana barely misses you.
You closely miss the iguana.
The iguana is heavily wounded.
The iguana closely misses you.
You barely miss the iguana.
The iguana is heavily wounded.
The iguana bites you!
You die...

#.# #......##..#?....#.#.###.
#.# #.#..###..........>#.###.
#.# #.#...##'##........#.#...
#.###....##...##...[...+.....
#.......##8...8##......#.##..
#####.###.......#......#.###.
#.....#.>.8.<.#†...#.......
#.#.###...l...#...########.
#.#.# ##8.@.8###+## #. #.#.#
###...## #.# #. #.#.# #.#####
#.# #. #.#.###.# ##.## #.
#.......# ##...## #.
##.....########.....#######.
#.......# #...#.............
#.......###.......##########
#......)))....#.###


You could see an iguana.

Vanquished Creatures
  An orc priest (D:3)
  A hound (D:4)
  3 orc wizards
  3 adders
  4 gnolls (D:3)
  3 dart slugs
  A ribbon worm (D:2)
  5 orcs
  5 ball pythons
  4 bats
  5 endoplasms
  5 giant cockroaches
  6 goblins
  6 hobgoblins
  3 jackals (D:3)
  3 quokkas
  6 frilled lizards
  10 kobolds
  9 rats
83 creatures vanquished.

Notes
Turn   | Place    | Note
-------+----------+-------------------------------------------
     0 | D:1      | hawla the Deep Elf Conjurer began the quest for the Orb.
     0 | D:1      | Reached XP level 1. HP: 10/10 MP: 6/6
    49 | D:1      | Reached XP level 2. HP: 3/15 MP: 0/8
   105 | D:1      | Learned a level 2 spell: Searing Ray
   515 | D:1      | Reached skill level 5 in Conjurations
   704 | D:2      | Reached XP level 3. HP: 19/19 MP: 4/9
  1613 | D:2      | Reached XP level 4. HP: 22/22 MP: 5/10
  1857 | D:3      | Identified a scroll of acquirement
  1858 | D:3      | Acquired 787 gold pieces
  1867 | D:3      | Found Zymu's Magic Scroll Shop.
  1954 | D:3      | Reached skill level 6 in Conjurations
  2491 | D:3      | Reached XP level 5. HP: 12/28 MP: 6/11
  2831 | D:3      | Reached skill level 7 in Conjurations
  2967 | D:3      | Learned a level 4 spell: Iskenderun's Mystic Blast
  3163 | D:3      | Reached skill level 1 in Evocations
  3399 | D:4      | Reached XP level 6. HP: 32/32 MP: 2/12
  3400 | D:4      | Reached skill level 1 in Translocations
  3417 | D:3      | Mangled by an iguana

Illustrated notes

Levels and vault maps discovered:
D:1:      dpeg_arrival_ratfight, layout_rooms, dreamdust_wishing_well
D:2:      layout_basic
D:3:      layout_loops_corners, serial_shops, shop, grunt_ministairs_7,
          minmay_starry_boxes
D:4:      layout_basic, nicolae_ru_great_annihilating_truth,
          minmay_temple_entry_poolview, uniq_robin

Skill      XL: |  1  2  3  4  5  6 |
---------------+-------------------+-----
Conjurations   | 5 6 7 |  7.0
Evocations     | 3 |  3.0
Translocations | 1 |  1.2
Dodging        | |  2.7
Stealth        | |  2.7
Spellcasting   | |  3.2

Action                     |  1- 3 |  4- 6 || total
---------------------------+-------+-------++-------
  Melee: Unarmed           |    37 |    12 ||    49
         Punch             |     2 |       ||     2
   Cast: Magic Dart        |    34 |    32 ||    66
         Searing Ray       |    19 |    22 ||    41
    Use: Potion            |     1 |     4 ||     5
         Scroll            |     1 |     7 ||     8
   Stab: Sleeping          |       |     1 ||     1
 Armour: Robe              |    15 |    29 ||    44
  Dodge: Dodged            |    27 |    21 ||    48
